Map: Overgrown Facility

Players

PureLegacy - Winner!

  • Race: Terran Terran
  • Spawn Location: 7:00

LOADBLASTER - Winner!

  • Race: Terran Terran
  • League: Grandmaster
  • Spawn Location: 9:00

Hiraeth

  • Race: Zerg Zerg
  • Spawn Location: 3:00

iambatman

  • Race: Terran Terran
  • League: Master
  • Spawn Location: 1:00

VOD

Have the link to the VOD?

Description

Time

  • Played on: Dec. 1, 2018, 11:12 a.m.
  • Length: 4:16
Show
View Real Time Build Order
Export as new Build Order

PureLegacy Terran - Winner!

Build Orders:  

Get SALT Encoding   

  12  0:01  SCV  
  13  0:13  SCV  
  14  0:18  Supply Depot  
  14  0:25  SCV  
  15  0:30  Refinery  
  15  0:40  SCV  
  16  0:46  Barracks  
  16  0:52  SCV  
  17  1:04  Barracks  
  17  1:16  Barracks  
  17  1:21  SCV  
  18  1:34  Reaper  
  18  1:39  Orbital Command  
  19  1:48  Refinery  
  19  1:52  Reaper  
  20  1:59  Supply Depot  
  20  2:04  Reaper  
  21  2:09  Reaper  
  21  2:13  SCV  
  23  2:25  SCV  
  23  2:27  Reaper  
  25  2:31  Supply Depot  
  25  2:36  Reaper  
  26  2:37  SCV  
  26  2:41  Reaper  
  28  2:59  Reaper  
  28  3:01  SCV  
  30  3:08  Reaper  
  31  3:13  Reaper  
  31  3:15  Command Center  
  32  3:21  SCV  
  33  3:31  Reaper  
  33  3:33  Supply Depot, SCV  
  35  3:40  Reaper  
  36  3:45  SCV  
  38  3:49  Barracks  
  37  4:15  Supply Depot  
Show
View Real Time Build Order
Export as new Build Order

LOADBLASTER Terran - Winner!

Build Orders: Hellion Opening 

Get SALT Encoding   

  12  0:04  SCV  
  13  0:16  SCV  
  13  0:21  Supply Depot  
  14  0:29  SCV  
  15  0:42  SCV  
  16  0:44  Barracks  
  16  0:47  Refinery  
  16  0:54  SCV  
  17  1:06  SCV  
  18  1:18  SCV  
  19  1:31  Marine, Orbital Command  
  20  1:47  Command Center  
  20  1:59  Factory  
  20  2:03  SCV  
  20  2:07  Barracks Reactor  
  21  2:15  SCV  
  22  2:18  Supply Depot  
  22  2:20  Refinery  
  22  2:27  SCV  
  23  2:40  SCV  
  23  2:45  Starport  
  23  2:50  Hellion x2  
  27  2:53  SCV  
  27  2:56  Barracks Tech Lab  
  28  3:03  Orbital Command  
  28  3:07  SCV  
  29  3:13  Hellion  
  29  3:18  Hellion  
  29  3:19  SCV  
  34  3:27  Fusion Core  
  34  3:29  SCV  
  34  3:32  SCV  
  36  3:37  Supply Depot  
  36  3:41  SCV  
  36  3:44  SCV  
  36  3:47  Hellion  
  40  3:51  Hellion  
  40  3:53  SCV  
  43  3:56  SCV  
  49  4:14  Supply Depot  
Show
View Real Time Build Order
Export as new Build Order

Hiraeth Zerg 

Build Orders: Hatch First 

Get SALT Encoding   

  12  0:01  Drone  
  13  0:13  Overlord  
  13  0:19  Drone  
  14  0:31  Drone  
  14  0:32  Drone  
  16  0:36  Drone  
  17  0:55  Hatchery  
  16  0:57  Drone  
  17  1:05  Drone  
  18  1:11  Extractor  
  18  1:17  Spawning Pool  
  16  1:20  Drone  
  16  1:24  Drone  
  18  1:30  Drone  
  19  1:40  Overlord  
  19  2:03  Queen  
  19  2:04  Zergling x4  
  19  2:08  Queen  
  25  2:09  Zergling x2  
  25  2:14  Metabolic Boost  
  26  2:17  Zergling x2  
  27  2:23  Zergling x4  
  29  2:30  Zergling x2  
  29  2:33  Overlord  
  29  2:52  Zergling x2  
  29  2:53  Zergling x4  
  31  2:58  Zergling x2  
  31  3:03  Zergling x2  
  32  3:07  Zergling x2  
  33  3:12  Zergling x2  
  33  3:18  Zergling x6  
  36  3:25  Overlord  
  36  3:37  Overlord  
  36  3:42  Extractor  
  36  3:48  Drone x4  
Show
View Real Time Build Order
Export as new Build Order

iambatman Terran 

Build Orders:  

Get SALT Encoding   

  12  0:01  SCV  
  13  0:14  SCV  
  13  0:18  Supply Depot  
  14  0:26  SCV  
  15  0:39  SCV  
  15  0:41  Barracks  
  16  0:45  Refinery  
  16  0:52  SCV  
  17  1:02  Barracks  
  17  1:07  SCV  
  19  1:28  Orbital Command  
  19  1:30  Reaper  
  19  1:35  Barracks  
  19  1:41  Refinery  
  19  1:50  Reaper  
  19  1:53  Supply Depot  
  20  1:58  SCV  
  21  2:07  Reaper  
  22  2:11  SCV  
  24  2:22  Reaper  
  24  2:28  Reaper  
  25  2:30  Supply Depot  
  25  2:52  Reaper  
  25  2:55  Reaper  
  27  3:05  Reaper  
  28  3:14  SCV  
  29  3:22  Command Center  
  29  3:24  Reaper  
  31  3:27  Reaper  
  31  3:28  SCV  
  31  3:32  Supply Depot  
  32  3:38  Reaper  
  32  3:39  Barracks  
  32  3:41  SCV  
  34  3:44  Supply Depot  
Tags
 
Add a new tag
Caveats
  • Supply blocks, unpowered buildings, or Contaminate may cause inaccurate times.
  • Supply counts are checked every 10 seconds.